 Dungeon Crawl Stone Soup version 0.21-a0-216-g6d3fd91 (webtiles) character file.

21 potatolord6000 the Vexing (level 2, -4/14 HPs)
             Began as a Spriggan Arcane Marksman on Aug 23, 2017.
             Killed from afar by Sigmund (10 damage)
             ... with a puff of flame
             ... on level 2 of the Dungeon.
             The game lasted 00:07:06 (743 turns).

potatolord6000 the Vexing (Spriggan Arcane Marksman) Turns: 743, Time: 00:07:06

Health: -4/14      AC:  2    Str:  6    XL:     2   Next: 62%
Magic:  3/5        EV: 19    Int: 14    God:
Gold:   29         SH:  0    Dex: 16    Spells: 3/4 levels left

rFire    . . .     SeeInvis +   a - +0 shortbow
rCold    . . .     Gourm    .   (shield currently unavailable)
rNeg     . . .     Faith    .   e - +0 robe
rPois    .         Spirit   .   (helmet restricted)
rElec    .         Reflect  .   (no cloak)
rCorr    .         Harm     .   (gloves unavailable)
MR       .....                  (boots unavailable)
Stlth    ++........             (no amulet)
HPRegen  0.04/turn              (no ring)
MPRegen  0.09/turn              (no ring)

@: very quick
A: unfitting armour, see invisible, herbivore 3, speed 3, slow metabolism 2
a: no special abilities


You were on level 2 of the Dungeon.
You were not hungry.

You visited 1 branch of the dungeon, and saw 2 of its levels.

You collected 29 gold pieces.

Inventory:

Hand Weapons
 a - a +0 shortbow (weapon)
 g - a +1 vampiric dagger
Missiles
 d - 2 arrows (quivered)
Armour
 e - a +0 robe (worn)
Scrolls
 j - a scroll of enchant armour {unknown}
Books
 c - a book of Debilitation

   Spells                             Type                      Level
   a - Corona                         Hexes                        1
   b - Slow                           Hexes                        2
   c - Inner Flame                    Hexes/Fire                   3
   d - Portal Projectile              Hexes/Translocation          3
   e - Cause Fear                     Hexes                        4
   f - Leda's Liquefaction            Hexes/Earth                  4
Comestibles
 f - 2 bread rations
 h - a royal jelly


   Skills:
 + Level 1.0 Fighting
 * Level 2.7 Bows
 + Level 3.4 Dodging
 + Level 1.2 Stealth
 + Level 1.9 Spellcasting
 + Level 3.9 Hexes


You had 3 spell levels left.
You knew the following spells:

 Your Spells              Type           Power        Failure   Level  Hunger
a - Corona                Hex            ##.....      4%          1    ##.....


Dungeon Overview and Level Annotations

Branches:
Dungeon (2/15)

Altars:

Annotations:
D:2 Sigmund


Innate Abilities, Weirdness & Mutations

You are very small and have problems with some larger weapons.
You are too small for most types of armour.
You have supernaturally acute eyesight. (SInv)
You are a herbivore.
You cover ground extremely quickly.
You need consume almost no food.


Message History

Aim: Sigmund, wielding a scythe and wearing a robe (severely wounded, slightly transparent, fleeing)
You shoot an arrow. The arrow barely misses Sigmund.
The arrow hits the goblin.
You kill the goblin!
Unknown command.
Firing (i - inventory):
d - 4 arrows (quivered)
Press: ? - help, Shift-Dir - straight line, f/p - Sigmund
Aim: Sigmund, wielding a scythe and wearing a robe (severely wounded, slightly transparent, fleeing)
You shoot an arrow. The arrow hits Sigmund.
Sigmund is severely wounded.
Sigmund drinks a potion.
Sigmund is healed!
Unknown command.
Firing (i - inventory):
d - 3 arrows (quivered)
Press: ? - help, Shift-Dir - straight line, f/p - Sigmund
Aim: Sigmund, wielding a scythe and wearing a robe (severely wounded, slightly transparent, fleeing)
You shoot an arrow. The arrow hits Sigmund.
Sigmund is severely wounded.
Sigmund points at you and mumbles some strange words.
The puff of flame hits you!
Ouch! That really hurt!
You die...

..# #.# #.# #.# ##
#.#.#.## #.#....# ##
####.#.####.#
....####....#......#
#((.@(.@.########..#
#.#.###............#
#...########†#
#...#<.......#
#...########## #....
...... ####.### #.#


You could see Sigmund (fleeing).

Vanquished Creatures
  An adder (D:2)
  A dart slug (D:1)
  A giant cockroach (D:1)
  2 goblins
  3 bats (D:1)
  2 kobolds (D:1)
10 creatures vanquished.

Notes
Turn   | Place    | Note
-------+----------+-------------------------------------------
     0 | D:1      | potatolord6000 the Spriggan Arcane Marksman began the quest for the Orb.
     0 | D:1      | Reached XP level 1. HP: 9/9 MP: 3/3
   454 | D:1      | Reached XP level 2. HP: 14/14 MP: 5/5
   469 | D:1      | Reached skill level 1 in Fighting
   687 | D:2      | Reached skill level 1 in Stealth
   721 | D:2      | Noticed Sigmund
   743 | D:2      | Killed from afar by Sigmund

Vault maps used:
D:1:      dpeg_arrival_shrine
D:2:      uniq_sigmund

Skill      XL: |  1  2 |
---------------+-------+-----
Fighting       | 1 |  1.0
Stealth        | 1 |  1.2
Bows           | |  2.7
Dodging        | |  3.4
Spellcasting   | |  1.9
Hexes          | |  3.9

Action                   || total
-------------------------++-------
 Fire: Shortbow          ||    42
 Cast: Corona            ||     4
  Use: Scroll            ||     1
       Potion            ||     1
Armor: Robe              ||     3
Dodge: Dodged            ||    19

Table legend:
 A = Spawn XP
 B = Non-spawn XP
 C = Spawn XP percentage of total XP
 D = Spawn monster count
 E = Non-spawn monster count
 F = Spawn count percentage of total count
 G = Total turns spent on level
                    A         B        C        D         E        F      G
               +---------+---------+-------+---------+---------+-------+---------
         Total |       1 |      29 |   3.3 |       1 |       9 |  10.0 |   743
               +---------+---------+-------+---------+---------+-------+---------
           D:1 |       1 |      14 |   6.7 |       1 |       7 |  12.5 |   673
           D:2 |       0 |      15 |   0.0 |       0 |       2 |   0.0 |    70
               +---------+---------+-------+---------+---------+-------+---------
